 Dungeon Crawl Stone Soup version 0.20.0-4-g10b340a (webtiles) character file.

49826 nikopol the Cleaver (level 14, -6/160 HPs)
             Began as a Gargoyle Berserker on May 27, 2017.
             Was a High Priest of Trog.
             Mangled by an orc warlord
             ... wielding a +0 long sword
              (22 damage)
             ... on level 1 of the Orcish Mines.
             The game lasted 01:17:17 (24862 turns).

nikopol the Cleaver (Gargoyle Berserker)           Turns: 24862, Time: 01:17:18

Health: -6/160     AC: 29    Str: 27    XL:     14   Next: 52%
Magic:  14/14      EV: 14    Int:  9    God:    Trog [*****.]
Gold:   1739       SH:  0    Dex: 12    Spells: 13/13 levels left

rFire    . . .     SeeInvis .   a - +3 battleaxe (freeze)
rCold    + . .     Gourm    .   (shield currently unavailable)
rNeg     + + .     Faith    .   f - +3 ring mail {rC+}
rPois    ∞         Spirit   .   h - +1 helmet
rElec    +         Reflect  .   g - +0 cloak
rCorr    .         Harm     .   v - +0 pair of gloves
MR       +....                  s - +0 pair of boots
Stlth    ..........             T - amulet of Vitality {Regen+ HP+15}
Regen    0.8/turn               y - ring of positive energy
MPRegen  0.2/turn               R - +3 ring of protection

@: berserking (expiring), very quick
A: big wings, negative energy resistance 1, electricity resistance, unbreathing,
petrification resistance, rot immunity, AC +9
a: Fly, Berserk, Trog's Hand, Brothers in Arms, Burn Spellbooks, Renounce
Religion


You were on level 1 of the Orcish Mines.
You worshipped Trog.
Trog was extremely pleased with you.
You were hungry.

You visited 3 branches of the dungeon, and saw 18 of its levels.
You also visited: Labyrinth and Sewer.

You collected 1739 gold pieces.

Inventory:

Hand Weapons
 a - a +3 battleaxe of freezing (weapon)
 z - a +1 shortbow
 X - a +1 flail of draining
Missiles
 m - 300 arrows (quivered)
Armour
 f - a +3 ring mail of cold resistance (worn)
 g - a +0 cloak (worn)
 h - a +1 helmet (worn)
 s - a +0 pair of boots (worn)
 v - a +0 pair of gloves (worn)
 U - a +3 plate armour of positive energy
Jewellery
 y - a ring of positive energy (left hand)
 R - a +3 ring of protection (right hand)
 T - the amulet of Vitality (around neck) {Regen+ HP+15}
   (You found it in a labyrinth)

   [amulet of regeneration]

   It affects your health (+15).
   It increases your rate of regeneration.
Wands
 F - a wand of disintegration (20/24)
 I - a wand of digging (10/24)
 L - a wand of confusion (13/48)
 M - a wand of random effects (39/48)
Scrolls
 j - 3 scrolls of enchant weapon
 l - 6 scrolls of remove curse
 o - a scroll of fog
 p - a scroll of fear
 q - 7 scrolls of identify
 r - 2 scrolls of immolation
 u - a scroll of recharging
 x - 6 scrolls of teleportation
 D - a scroll of acquirement
 E - a scroll of magic mapping
 K - a scroll of summoning {unknown}
 O - 2 scrolls of brand weapon {unknown}
 S - a scroll of enchant armour {unknown}
Potions
 d - 5 potions of curing
 e - 6 potions of heal wounds
 i - 2 potions of agility
 n - a potion of lignification {unknown}
 t - 2 potions of invisibility {unknown}
 w - a potion of might
 A - 4 potions of ambrosia {unknown}
 B - 2 potions of resistance {unknown}
 C - 9 potions of flight {unknown}
 H - 2 potions of brilliance {unknown}
 J - 7 potions of degeneration {unknown}
 P - 3 potions of cancellation {unknown}
 Y - 2 potions of haste
Comestibles
 b - 16 chunks of flesh
 c - 8 bread rations
 k - 31 fruits
 G - 8 meat rations
 Z - 2 royal jellies


   Skills:
 + Level 12.1 Fighting
 + Level 13.7(13.8) Axes
 + Level 2.2(10.2) Maces & Flails
 + Level 11.5 Bows
 + Level 10.5 Armour
 + Level 6.2 Dodging
 + Level 3.0 Stealth


You had 13 spell levels left.
You didn't know any spells.

Dungeon Overview and Level Annotations

Branches:
Dungeon (10/15)            Temple (0/1) D:7            Lair (6/6) D:8
 Shoals (0/4) Lair:4        Snake (0/4) Lair:3        Slime (0/5) Lair:6
    Orc (2/2) D:9             Elf (0/3) Orc:2

Altars:
Ashenzari
Cheibriados
Fedhas
Gozag
Makhleb
Qazlal
Xom


Innate Abilities, Weirdness & Mutations

You are resistant to torment.
Your stone body is resilient. (AC +9)
You are immune to poison.
Your large and strong wings let you fly indefinitely.
You resist negative energy. (rN+)
You are resistant to electric shocks. (rElec)
You can survive without breathing.
You are immune to petrification.
You are immune to rotting.


Message History

The orc knight is severely wounded.
The orc warlord blocks your attack.
The orc warlord hits you with a long sword!!
* * * LOW HITPOINT WARNING * * *
You closely miss the orc knight.
The orc knight is severely wounded.
The orc warlord blocks your attack.
The orc knight hits you with an enchanted dire flail!
* * * LOW HITPOINT WARNING * * *
You slice the orc knight!! You freeze the orc knight!
You kill the orc knight!
Trog accepts your kill.
You slash the orc warlord! You freeze the orc warlord.
The orc warlord hits you but does no damage.
The orc warlord blocks your attack.
The orc warlord is moderately wounded.
You hit the orc warlord. You freeze the orc warlord.
The orc warlord is moderately wounded.
The orc warlord hits you with a long sword!!
You die...

.......................#.##
........................##
....................##...#
...#..................#.##
.......................###
.......................#.##
..#.......................#
................)#.......##
.....>.........)@).......##
.................o........#
......................#..#####
.........................##..##
.................#............#
.#...........................##
..........................#.##
.......................#.....#
.#.###..<....................#


You could see an orc warlord.

Vanquished Creatures
  The ghost of ghjk the Severer, a journeyman MiFi of Okawaru (Lair:6)
  A minotaur (Lab)
  5 hydras
  2 two-headed ogres
  2 death yaks (Lair:2)
  2 orc knights (Orc:1)
  A lindwurm (Lair:6)
  An oklob plant (Lair:1)
  6 elephants
  5 black mambas
  A gargoyle (D:9)
  2 torpor snails (Lair:6)
  13 spiny frogs
  3 komodo dragons
  2 rime drakes
  3 trolls
  6 polar bears
  22 blink frogs
  A meliai (shapeshifter) (D:10)
  3 hornets (Lair:6)
  5 dream sheep (Lair:6)
  8 hippogriffs
  Grinder (D:6)
  10 spriggans (Lair:6)
  2 redbacks (Lab)
  A wraith (D:10)
  2 wyverns (Lair:3)
  11 yaks
  7 basilisks
  Grum (D:8)
  A warg (Orc:1)
  A hungry ghost (D:8)
  A naga (Lair:3)
  14 water moccasins
  8 orc warriors
  Purgy (Sewer)
  9 porcupines
  2 sky beasts
  A hornet zombie (D:8)
  3 ice beasts
  A phantom (D:4)
  3 necrophages
  3 ogres
  3 boggarts (Lair:6)
  6 centaurs
  40 wolves
  17 crocodiles
  3 big kobolds
  16 bullfrogs
  A water moccasin zombie (D:5)
  A wyvern skeleton (D:10)
  A water moccasin skeleton (D:5)
  11 killer bees
  5 wights (D:10)
  9 howler monkeys
  2 bullfrog zombies (D:5)
  4 crimson imps
  5 centaur zombies
  4 jellies
  4 hounds
  5 orc priests
  5 bullfrog skeletons
  A centaur skeleton (D:9)
  Jessica (D:2)
  Terence (D:3)
  3 iguanas
  8 orc wizards
  Natasha (thrice) (D:2)
  3 worker ants
  A killer bee zombie (D:5)
  A hound zombie (D:5)
  2 hound skeletons (D:5)
  2 howler monkey zombies (D:5)
  5 worker ant zombies
  Robin (D:4)
  8 adders
  8 gnolls
  A howler monkey skeleton (D:5)
  3 shadow imps
  An ooze (D:6)
  2 worms
  4 dart slugs
  7 leopard geckos
  41 orcs
  10 giant cockroaches
  16 goblins
  6 hobgoblins
  2 jackals (D:9)
  5 quokkas
  2 ball pythons
  10 bats
  5 frilled lizards
  A jackal zombie (D:5)
  16 kobolds
  A leopard gecko skeleton (D:5)
  A leopard gecko zombie (D:5)
  2 quokka skeletons
  A quokka zombie (D:5)
  7 rats
  14 fungi
  14 plants
  4 withered plants (D:5)
544 creatures vanquished.

Vanquished Creatures (collateral kills)
  3 death yaks
  4 elephants (Lair:6)
  A spiny frog (Lair:6)
  A polar bear (Lair:6)
9 creatures vanquished.

Vanquished Creatures (others)
  5 dream sheep (Lair:1)
  A bush (Lair:2)
  16 fungi
  10 plants
32 creatures vanquished.

Grand Total: 585 creatures vanquished

Notes
Turn   | Place    | Note
-------+----------+-------------------------------------------
     0 | D:1      | nikopol the Gargoyle Berserker began the quest for the Orb.
     0 | D:1      | Reached XP level 1. HP: 14/14 MP: 1/1
   173 | D:1      | Reached XP level 2. HP: 19/19 MP: 2/2
   209 | D:1      | Reached skill level 3 in Axes
   757 | D:2      | Reached XP level 3. HP: 24/24 MP: 3/3
   829 | D:2      | Noticed Jessica
   844 | D:2      | Killed Jessica
   869 | D:2      | Found a blossoming altar of Fedhas.
   885 | D:2      | Found a stormy altar of Qazlal.
   922 | D:2      | Reached ** piety under Trog
   922 | D:2      | Reached XP level 4. HP: 29/29 MP: 4/4
   970 | D:2      | Found a burning altar of Makhleb.
   971 | D:2      | Found an opulent altar of Gozag.
  1103 | D:2      | Noticed Natasha
  1115 | D:2      | Killed Natasha
  1319 | D:2      | Noticed Natasha
  1326 | D:2      | Killed Natasha
  1326 | D:2      | Reached skill level 4 in Axes
  1326 | D:2      | Reached XP level 5. HP: 30/33 MP: 5/5
  1411 | D:2      | Noticed Natasha
  1430 | D:2      | Killed Natasha
  1929 | D:3      | Noticed Terence
  1943 | D:3      | Killed Terence
  2200 | D:3      | Found a faded altar of an unknown god.
  2452 | D:4      | Noticed an ogre
  2464 | D:4      | Killed an ogre
  2464 | D:4      | Reached XP level 6. HP: 39/39 MP: 6/6
  2516 | D:4      | Noticed a phantom
  2581 | D:4      | Killed a phantom
  2581 | D:4      | Reached skill level 5 in Axes
  2754 | D:4      | Reached *** piety under Trog
  2764 | D:4      | Reached XP level 7. HP: 24/44 MP: 7/7
  3003 | D:4      | Found a snail-covered altar of Cheibriados.
  3050 | D:4      | Noticed Robin
  3066 | D:4      | Killed Robin
  3614 | D:5      | Entered Level 5 of the Dungeon
  3724 | D:5      | Reached skill level 5 in Fighting
  3849 | D:5      | Found a snail-covered altar of Cheibriados.
  3881 | D:5      | Reached skill level 6 in Axes
  3881 | D:5      | Reached skill level 1 in Stealth
  4005 | D:5      | Reached XP level 8. HP: 40/49 MP: 8/8
  4481 | D:5      | Reached **** piety under Trog
  4481 | D:5      | Reached skill level 7 in Axes
  4855 | D:6      | Found a glowing drain.
  4876 | Sewer    | Entered a sewer
  4974 | Sewer    | Noticed Purgy
  4985 | Sewer    | Killed Purgy
  5116 | D:6      | Noticed Grinder
  5127 | D:6      | Paralysed by Grinder for 6 turns
  5231 | D:5      | Reached skill level 5 in Armour
  5443 | D:6      | Paralysed by Grinder for 6 turns
  5503 | D:6      | Killed Grinder
  5807 | D:6      | Reached skill level 8 in Axes
  5807 | D:6      | Reached XP level 9. HP: 55/55 MP: 9/9
  5874 | D:6      | Received a gift from Trog
  5960 | D:7      | Reached skill level 1 in Bows
  6509 | D:7      | Got a scorched silver ring
  6510 | D:7      | Identified the ring "Vuzutofu" {+Inv rPois rF+ Str-3} (You found it on level 7 of the Dungeon)
  6786 | D:7      | Found a staircase to the Ecumenical Temple.
  7028 | D:8      | Received a gift from Trog
  7213 | D:8      | Noticed Grum
  7240 | D:8      | Killed Grum
  7511 | D:8      | Noticed a two-headed ogre
  7527 | D:8      | Killed a two-headed ogre
  7527 | D:8      | Reached skill level 9 in Axes
  7527 | D:8      | Reached skill level 5 in Bows
  7527 | D:8      | Reached XP level 10. HP: 16/63 MP: 10/10
  8422 | D:8      | Reached ***** piety under Trog
  8619 | D:8      | Found a staircase to the Lair.
  9253 | D:9      | Found a staircase to the Orcish Mines.
  9297 | D:9      | Found a shattered altar of Ashenzari.
  9960 | D:9      | Noticed a two-headed ogre
  9962 | D:9      | Noticed a gargoyle
  9971 | D:9      | Killed a two-headed ogre
  9971 | D:9      | Reached skill level 10 in Axes
  9972 | D:9      | Killed a gargoyle
  9972 | D:9      | Reached XP level 11. HP: 50/68 MP: 11/11
 10935 | Lair:1   | Entered Level 1 of the Lair of Beasts
 11335 | Lair:1   | Noticed an oklob plant
 11343 | Lair:1   | Found an opulent altar of Gozag.
 11382 | Lair:1   | Received a gift from Trog
 11580 | Lair:1   | Found a shimmering altar of Xom.
 12290 | Lair:2   | Noticed a death yak
 12295 | Lair:2   | Noticed a death yak
 12341 | Lair:1   | Killed a death yak
 14097 | Lair:2   | Noticed a death yak
 14097 | Lair:2   | Noticed a death yak
 14153 | Lair:1   | Killed a death yak
 14445 | Lair:1   | Killed an oklob plant
 14592 | Lair:1   | Noticed a four-headed hydra
 14603 | Lair:1   | Killed a five-headed hydra
 14603 | Lair:1   | Reached XP level 12. HP: 76/76 MP: 12/12
 14704 | Lair:2   | Killed a death yak
 14716 | Lair:2   | Noticed a death yak
 15091 | D:10     | Entered Level 10 of the Dungeon
 15420 | D:10     | Reached skill level 11 in Axes
 15605 | D:10     | Received a gift from Trog
 16082 | D:10     | Identified a scroll of acquirement
 16465 | Lair:2   | Killed a death yak
 16468 | Lair:2   | Killed a death yak
 16468 | Lair:2   | Reached skill level 10 in Armour
 16699 | Lair:2   | Received a gift from Trog
 17158 | Lair:2   | Reached skill level 10 in Fighting
 17410 | Lair:3   | Found a staircase to the Snake Pit.
 18727 | Lair:4   | Found a staircase to the Shoals.
 18762 | Lair:4   | Got an ichor-stained ring mail
 18773 | Lair:4   | Identified the cursed +0 ring mail of the Suburbs {rCorr} (You found it on level 4 of the Lair of Beasts)
 19141 | Lair:4   | Noticed a six-headed hydra
 19157 | Lair:4   | Killed a six-headed hydra
 19157 | Lair:4   | Reached skill level 12 in Axes
 19157 | Lair:4   | Reached skill level 10 in Bows
 19157 | Lair:4   | Reached XP level 13. HP: 37/83 MP: 13/13
 19588 | Lair:5   | Reached skill level 5 in Dodging
 19606 | Lair:5   | Found a labyrinth entrance.
 19615 | Lab      | Entered a labyrinth
 19866 | Lab      | Reached skill level 1 in Maces & Flails
 20303 | Lab      | Noticed a minotaur
 20311 | Lab      | Killed a minotaur
 21300 | Lair:6   | Entered Level 6 of the Lair of Beasts
 21329 | Lair:5   | Received a gift from Trog
 21451 | Lair:6   | Found a staircase to the Slime Pits.
 22233 | Lair:6   | Reached skill level 13 in Axes
 22458 | Lair:6   | Received a gift from Trog
 22473 | Lair:6   | Gained mutation: Your large and strong wings let you fly indefinitely. [Gargoyle growth]
 22473 | Lair:6   | Reached XP level 14. HP: 47/90 MP: 14/14
 22761 | Lair:6   | Noticed ghjk's ghost (journeyman MiFi)
 22786 | Lair:6   | Killed ghjk's ghost
 23580 | Lair:6   | Received a gift from Trog
 24109 | Orc:1    | Entered Level 1 of the Orcish Mines
 24406 | Orc:2    | Entered Level 2 of the Orcish Mines
 24480 | Orc:2    | Found a staircase to the Elven Halls.
 24555 | Orc:2    | Received a gift from Trog
 24764 | Orc:2    | Noticed an orc warlord
 24862 | Orc:1    | Mangled by an orc warlord

Skill      XL: |  1  2  3  4  5  6  7  8  9 10 11 12 13 14 |
---------------+-------------------------------------------+-----
Axes           | 3 4 5 6 8 9 10 12 13 | 13.7
Fighting       | 4 5 6 7 8 9 10 11 12 | 12.1
Dodging        | 2 3 4 5 6 |  6.2
Armour         | 3 4 5 6 7 9 10 | 10.5
Stealth        | 1 2 3 |  3.0
Bows           | 5 6 8 10 11 | 11.5
Maces & Flails | 1 2 |  2.2

Action                   |  1- 3 |  4- 6 |  7- 9 | 10-12 | 13-15 || total
-------------------------+-------+-------+-------+-------+-------++-------
Melee: Hand axe          |    87 |   225 |   726 |   732 |       ||  1770
       Unarmed           |       |       |     1 |       |       ||     1
       Flail             |       |       |       |    15 |    22 ||    37
       Battleaxe         |       |       |       |   173 |   488 ||   661
 Fire: Shortbow          |       |       |   127 |   372 |   357 ||   856
Invok: Berserk           |       |     2 |     4 |    12 |     7 ||    25
       Burn Spellbooks   |       |       |     1 |       |       ||     1
       Brothers in Arms  |       |       |       |     3 |     1 ||     4
  Use: Scroll            |       |       |       |    15 |     8 ||    23
  Eat: Chunk             |       |     8 |    17 |    31 |    21 ||    77
       Royal jelly       |       |       |     1 |     4 |     1 ||     6
       Fruit             |       |       |       |     8 |     3 ||    11
       Bread ration      |       |       |       |     1 |       ||     1
Armor: Animal skin       |    10 |       |       |       |       ||    10
       Ring mail         |    32 |    53 |       |   118 |   443 ||   646
       Scale mail        |       |    52 |   362 |   131 |       ||   545
       Chain mail        |       |       |       |   252 |       ||   252
Dodge: Dodged            |    59 |   132 |   339 |   463 |   461 ||  1454
